Map: 大气2000-天梯版

Players

NightMare

  • Race: Protoss Protoss
  • League: Master

TIME (Oliveira) - Winner!

  • Race: Terran Terran
  • League: Grandmaster

Event: DreamHack SC2 Masters Last Chance 2022

VOD

Have the link to the VOD?

Description

Time

  • Played on: Dec. 15, 2021, 4:13 a.m.
  • Length: 10:15

All games in this series

Show
View Real Time Build Order
Export as new Build Order

NightMare Protoss 

Build Orders: Phoenix Opening, Colossus Rush 

Get SALT Encoding   

  12  0:00  Probe  
  13  0:12  Probe  
  14  0:17  Pylon  
  14  0:24  Probe (Chrono Boost)  
  15  0:36  Gateway, Probe (Chrono Boost)  
  16  0:44  Probe (Chrono Boost)  
  16  0:45  Assimilator  
  17  0:51  Probe  
  18  1:03  Probe  
  19  1:15  Probe  
  20  1:24  Cybernetics Core, Zealot  
  22  1:33  Probe, Pylon  
  22  1:35  Assimilator  
  23  1:44  Assimilator  
  23  1:51  Probe (Chrono Boost)  
  23  2:04  Probe (Chrono Boost)  
  24  2:09  Probe (Chrono Boost)  
  24  2:13  Stargate  
  25  2:16  Adept  
  25  2:18  Probe  
  28  2:30  Nexus  
  28  2:34  Probe  
  29  2:37  Warp Gate  
  29  2:43  Pylon  
  29  2:46  Probe  
  30  2:58  Probe  
  31  3:01  Phoenix (Chrono Boost)  
  33  3:10  Probe  
  34  3:13  Adept  
  34  3:17  Phoenix (Chrono Boost)  
  37  3:22  Probe (Chrono Boost)  
  38  3:34  Probe (Chrono Boost)  
  39  3:44  Probe x2 (Chrono Boost)  
  39  3:47  Phoenix  
  43  3:52  Robotics Facility, Probe (Chrono Boost)  
  43  3:53  Probe (Chrono Boost)  
  45  3:55  Pylon  
  45  3:57  Probe (Chrono Boost)  
  45  4:01  Probe  
  47  4:09  Probe  
  48  4:12  Phoenix  
  48  4:13  Probe  
  48  4:14  Pylon  
  49  4:17  Assimilator  
  49  4:19  Assimilator  
  49  4:22  Probe  
  50  4:25  Probe  
  51  4:31  Shield Battery  
  51  4:34  Gateway  
  51  4:40  Probe x2  
  51  4:41  Immortal (Chrono Boost)  
  57  4:46  Sentry  
  59  4:53  Gateway  
  59  4:54  Probe x2  
  59  4:58  Shield Battery  
  61  5:06  Robotics Bay  
  61  5:09  Gateway, Probe  
  61  5:11  Probe  
  63  5:21  Probe  
  63  5:23  Probe  
  63  5:26  Sentry  
  67  5:29  Pylon  
  67  5:30  Stalker  
  67  5:35  Probe  
  70  5:36  Pylon  
  70  5:47  Probe  
  70  5:48  Stalker  
  73  5:55  Colossus (Chrono Boost)  
  73  5:56  Stalker x2  
  77  5:57  Probe  
  77  6:00  Probe  
  85  6:04  Pylon  
  85  6:14  Pylon  
  85  6:17  Twilight Council  
  85  6:22  Nexus  
  85  6:26  Probe x2  
  85  6:31  Colossus (Chrono Boost)  
  87  6:39  Shield Battery  
  92  6:48  Gateway  
  92  6:54  Nexus  
  92  6:55  Gateway  
  92  6:56  Gateway  
  92  7:02  Shield Battery  
  92  7:07  Probe x2  
  94  7:11  Blink (Chrono Boost)  
  94  7:17  Colossus (Chrono Boost)  
  94  7:20  Probe x2  
  94  7:21  Pylon  
  102  7:31  Gateway  
  102  7:32  Gateway  
  96  7:37  Zealot x2  
  96  7:41  Zealot  
  96  7:43  Probe  
  79  7:46  Sentry  
  79  7:51  Probe  
  79  7:55  Probe  
  79  7:57  Pylon  
  81  8:04  Probe (Chrono Boost)  
  78  8:07  Probe (Chrono Boost)  
  78  8:09  Robotics Bay  
  78  8:11  Probe (Chrono Boost)  
  79  8:16  Zealot, Probe (Chrono Boost)  
  82  8:23  Probe x2 (Chrono Boost)  
  84  8:32  Probe x2  
  81  8:38  Sentry x3  
  86  8:42  Sentry x2  
  90  8:48  Pylon  
  90  8:51  Stalker  
  92  8:56  Stalker  
  94  9:11  Zealot, Sentry  
  94  9:12  Zealot x3  
  60  10:01  Stalker x2  
Show
View Real Time Build Order
Export as new Build Order

TIME Terran - Winner!

Build Orders:  

Get SALT Encoding   

  12  0:00  SCV  
  13  0:12  SCV  
  14  0:18  Supply Depot  
  14  0:24  SCV  
  15  0:39  SCV  
  15  0:40  Barracks  
  16  0:46  Refinery  
  16  0:51  SCV  
  17  0:59  Engineering Bay  
  17  1:04  SCV  
  18  1:16  SCV  
  19  1:28  Marine, Orbital Command  
  20  1:36  Supply Depot  
  20  1:47  Barracks Reactor  
  20  1:54  SCV  
  21  2:11  Command Center  
  21  2:12  SCV  
  22  2:25  Reaper x2  
  22  2:27  SCV  
  22  2:28  Barracks  
  25  2:34  Barracks  
  25  2:39  SCV  
  26  2:51  SCV  
  27  2:57  Marine x2  
  29  3:03  Refinery  
  29  3:04  SCV  
  30  3:15  Marine  
  30  3:16  Barracks Tech Lab  
  31  3:22  SCV, Marine  
  31  3:23  Barracks Tech Lab, Orbital Command  
  33  3:35  SCV  
  33  3:36  Stimpack, Marine x2  
  33  3:40  Marine  
  36  3:42  Orbital Command  
  36  3:43  Combat Shield, Marine  
  36  3:47  SCV  
  36  3:48  Supply Depot  
  37  3:53  Marine  
  37  3:54  Marine  
  39  3:58  Marine  
  39  3:59  SCV  
  39  4:01  Engineering Bay, Marine  
  42  4:07  SCV  
  43  4:11  SCV, Marine  
  43  4:16  Marine  
  43  4:17  Marine  
  45  4:19  SCV  
  45  4:22  Supply Depot  
  45  4:23  SCV  
  48  4:24  Marine  
  48  4:29  Marine  
  48  4:30  Terran Infantry Weapons Level 1  
  51  4:31  SCV  
  51  4:34  Marine  
  51  4:35  Marauder  
  54  4:39  Supply Depot  
  54  4:43  Marine  
  54  4:44  SCV x2  
  57  4:51  Factory, Marine  
  57  4:52  Marine  
  59  4:56  SCV x2  
  59  4:57  Marine  
  59  4:58  Missile Turret  
  62  5:02  Missile Turret  
  62  5:05  Marine  
  63  5:08  SCV x2  
  63  5:13  Marine  
  66  5:14  Marine  
  66  5:15  Refinery  
  66  5:20  SCV x2  
  68  5:21  Supply Depot  
  68  5:22  Marine  
  68  5:24  Supply Depot  
  68  5:28  Marine  
  67  5:32  SCV  
  68  5:36  Marine  
  68  5:37  SCV  
  68  5:41  Starport, Factory Reactor  
  70  5:44  SCV  
  70  5:45  Marine  
  71  5:51  Marauder, Marine  
  71  5:56  SCV  
  74  6:01  Marine  
  74  6:02  Refinery  
  74  6:05  SCV  
  74  6:10  Marauder, Supply Depot, Marine  
  74  6:11  Concussive Shells, SCV  
  78  6:14  Command Center  
  78  6:16  Marauder  
  81  6:18  Supply Depot  
  81  6:20  SCV  
  81  6:23  Factory Reactor  
  81  6:24  Medivac x2  
  86  6:30  Supply Depot, SCV  
  86  6:31  Marine  
  86  6:32  Marine  
  87  6:35  Marauder  
  87  6:36  SCV  
  87  6:37  Terran Infantry Armor Level 1  
  89  6:42  SCV  
  89  6:44  Marauder  
  92  6:48  SCV  
  92  6:50  Supply Depot  
  92  6:53  Marine x2  
  95  6:54  SCV  
  95  6:56  Marauder  
  95  6:57  Medivac  
  95  6:58  Medivac  
  95  7:00  SCV  
  100  7:06  Marauder, Widow Mine x2, SCV  
  107  7:11  Marine  
  107  7:12  Supply Depot, SCV  
  109  7:21  Marine  
  109  7:22  Marauder  
  112  7:26  Marine  
  112  7:27  Barracks  
  112  7:28  SCV, Barracks  
  112  7:29  SCV  
  115  7:39  Marine x2  
  115  7:43  Marauder  
  119  7:46  Marauder  
  117  7:57  Marine  
  118  8:02  SCV  
  118  8:04  Widow Mine, Medivac x2, Engineering Bay  
  118  8:05  Widow Mine, Armory  
  119  8:10  Marine x2  
  119  8:11  Marauder  
  121  8:14  Marine  
  115  8:25  SCV, Orbital Command  
  115  8:26  Widow Mine, SCV, Missile Turret  
  115  8:28  Widow Mine, Marine  
  115  8:29  Marauder, Bunker  
  115  8:31  Marine  
  115  8:32  Marine  
  120  8:35  Viking x2  
  120  8:37  Barracks Tech Lab  
  120  8:38  Barracks Reactor, SCV  
  125  8:42  Missile Turret  
  125  8:43  SCV  
  125  8:46  Marine  
  125  8:47  Widow Mine  
  129  8:49  Marine  
  129  8:50  Marauder, Supply Depot, SCV, Marine  
  133  8:57  Orbital Command  
  133  8:59  Missile Turret, Bunker  
  133  9:00  Marauder  
  133  9:01  Widow Mine  
  137  9:03  Marine  
  137  9:08  Marauder  
  140  9:12  Widow Mine, Viking x2  
  146  9:17  Marine x2  
  146  9:18  Marauder  
  136  9:34  Marine x2  
  136  9:35  Marauder  
  136  9:38  Widow Mine x2  
  133  9:40  Marine  
  133  9:41  Marauder  
  133  9:44  Orbital Command  
  131  9:49  Marine  
  121  9:54  SCV  
  121  9:56  Marine  

Tags
 
Add a new tag
Caveats
  • Supply blocks, unpowered buildings, or Contaminate may cause inaccurate times.
  • Supply counts are checked every 10 seconds.